 Dungeon Crawl Stone Soup version 0.29.0-5-ge4962eb29e (webtiles) character file.

Game seed: 5084069052694427064

126 xian the Chopper (level 4, 0/34 HPs)
             Began as a Draconian Wanderer on Aug 29, 2022.
             Slain by a gnoll
             ... wielding a +0 halberd
              (3 damage)
             ... on level 3 of the Dungeon.
             The game lasted 00:06:11 (2770 turns).

xian the Chopper (Draconian Wanderer)               Turns: 2770, Time: 00:06:11

Health: 0/34       AC:  5    Str: 15    XL:     4   Next: 83%
Magic:  1/5        EV: 11    Int: 23    God:
Gold:   83         SH:  0    Dex:  7    Spells: 4/5 levels left

rFire   . . .      SeeInvis .   a - +2 hand axe
rCold   . . .      Faith    +   (no shield)
rNeg    . . .      Spirit   .   (body armour unavailable)
rPois   .          Reflect  .   (helmet restricted)
rElec   .          Harm     .   (no cloak)
rCorr   .          Rampage  .   (no gloves)
Will    .....                   (no boots)
Stlth   +.........              j - amulet of faith
HPRegen 0.11/turn               l - +6 ring of intelligence
MPRegen 0.09/turn               (no ring)

@: brilliant, hasted, very quick
A: AC +5, unfitting armour, cold-blooded, horns 1, evolution 1, MP-powered wands
a: no special abilities


You were on level 3 of the Dungeon.
You visited 1 branch of the dungeon, and saw 3 of its levels.

You collected 83 gold pieces.

Inventory:

Hand Weapons
 a - a +2 hand axe (weapon)
Jewellery
 j - an amulet of faith (around neck)
 l - a +6 ring of intelligence (left hand)
Wands
 b - a wand of polymorph (3)
Scrolls
 c - 2 scrolls of teleportation
 e - a scroll of silence {unknown}
 g - 2 scrolls of identify {unknown}
 i - 3 scrolls of torment {unknown}
 n - a scroll of amnesia {unknown}
 o - a scroll of blinking {unknown}
Potions
 d - 2 potions of curing
 f - a potion of lignification
 h - 2 potions of attraction {unknown}
 k - a potion of haste
 q - a potion of magic {unknown}


   Skills:
 + Level 0.9 Fighting
 + Level 4.8 Axes
 + Level 1.0 Throwing
 + Level 1.5 Dodging
 + Level 0.3 Stealth
 + Level 1.2 Spellcasting
 + Level 1.1 Conjurations
 + Level 1.9 Fire Magic
 + Level 3.2 Evocations


You had 4 spell levels left.
You knew the following spells:

 Your Spells              Type           Power      Damage    Failure   Level
a - Foxfire               Conj/Fire      52%        2x1d6     8%          1

Your spell library contained the following spells:

 Spells                   Type           Power      Damage    Failure   Level
 Conjure Flame            Conj/Fire      13%        6-21      22%         3
 Ignite Poison            Fire/Tmut/Pois 6%         N/A       32%         3
 Sticky Flame             Conj/Fire      13%        2d4       58%         4
 Animate Dead             Necr           2%         N/A       80%         4
 Borgnjor's Vile Clutch   Necr/Erth      1%         N/A       98%         5
 Death Channel            Necr           1%         N/A       100%        6


Dungeon Overview and Level Annotations

Branches:
Dungeon (3/15)

Altars:


Innate Abilities, Weirdness & Mutations

Your plain brown scales are hard. (AC +5)
You cannot fit into any form of body armour.
You are cold-blooded and may be slowed by cold attacks.
You have a pair of small horns on your head.
You have hidden genetic potential.
You expend magic power (3 MP) to strengthen your wands.


Message History

You kill the ball python!
Your foxfire dissipates!
Your foxfire dissipates!
You now have 66 gold pieces (gained 7).
You now have 83 gold pieces (gained 17).
A gnoll comes into view. It is wielding a +0 halberd.
Found a scroll labelled GYTHRYN IXZOO.
The gnoll shouts!
A gnoll comes into view. It is wielding a +0 spear.
You conjure some foxfire!
The gnoll hits you from afar with a +0 halberd!
You conjure some foxfire!
The foxfire hits the gnoll.
The gnoll is lightly wounded.
The foxfire hits the gnoll but does no damage.
The gnoll is lightly wounded.
A gnoll comes into view. It is wielding a +0 flail.
The gnoll barely misses you.
You miscast Foxfire.
You are very lightly contaminated with residual magic.
Nothing appears to happen.
The foxfire hits the gnoll.
The gnoll is moderately wounded.
The foxfire hits the gnoll.
The gnoll is moderately wounded.
The gnoll closely misses you.
The gnoll hits you from afar with a +0 spear.
A rat comes into view.
The gnoll hits you from afar with a +0 halberd.
The gnoll hits you but does no damage.
Your magical contamination has completely faded away.
You feel yourself speed up. The gnoll barely misses you.
It was a potion of mutation.
You feel extremely strange. A pair of horns grows on your head!
You feel a hidden potential growing inside you.
You feel your magical essence link to the dungeon's wands.
The gnoll hits you from afar with a +0 halberd!
* * * LOW HITPOINT WARNING * * *
It was a potion of brilliance.
You feel clever all of a sudden.
The gnoll hits you from afar with a +0 halberd.
You die...

#.........# #
#.........# ..
#.........#
######..#
#######...####
#.......#
#.#....###........
####......#.g.g?.r#
........#.#.#.....#
#######.###g#.....#
#...@.gg#.....#
#########.....#
#######


You could see 3 gnolls.

Vanquished Creatures
  Terence (D:2)
  4 adders
  A worm (D:2)
  2 dart slugs
  5 endoplasms
  2 giant cockroaches
  4 goblins
  2 hobgoblins
  8 jackals (D:1)
  3 kobolds
  4 quokkas
  8 ball pythons
  3 bats
  2 frilled lizards
  5 rats
54 creatures vanquished.

Vanquished Creatures (others)
  80 foxfires
80 creatures vanquished.

Grand Total: 134 creatures vanquished

Notes
Turn   | Place    | Note
-------+----------+-------------------------------------------
     0 | D:1      | xian the Draconian Wanderer began the quest for the Orb.
     0 | D:1      | xian set off with the following items: a +2 hand axe, a
                  | wand of polymorph (3), a scroll of teleportation; and the
                  | following spell memorised: Foxfire; and the following
                  | spells available to memorise: Conjure Flame.
     0 | D:1      | Reached XP level 1. HP: 14/14 MP: 2/2
   102 | D:1      | Reached XP level 2. HP: 11/20 MP: 3/3
  1145 | D:1      | Reached XP level 3. HP: 27/27 MP: 2/4
  1485 | D:2      | Noticed Terence
  1510 | D:2      | Killed Terence
  1511 | D:2      | Reached skill level 1 in Dodging
  1827 | D:2      | Reached XP level 4. HP: 34/34 MP: 2/5
  2700 | D:3      | Reached skill level 1 in Conjurations
  2769 | D:3      | Gained mutation: You have a pair of small horns on your
                  | head. [potion of mutation]
  2769 | D:3      | Gained mutation: You have hidden genetic potential. [potion
                  | of mutation]
  2769 | D:3      | Gained mutation: You expend magic power (3 MP) to
                  | strengthen your wands. [potion of mutation]
  2770 | D:3      | Slain by a gnoll

Illustrated notes

Levels and vault maps discovered:
D:1:      minmay_arrival_up_and_down, layout_loops_corners
D:2:      minmay_wonky_spiral, layout_basic, uniq_terence
D:3:      layout_basic, hellmonk_ecumenical_altar_arch_garden,
          minmay_misc_feat_columns

Skill      XL: |  1  2  3  4 |
---------------+-------------+-----
Dodging        | 1 |  1.5
Conjurations   | 1 |  1.1
Fighting       | |  0.9
Axes           | |  4.8
Throwing       | |  1.0
Stealth        | |  0.3
Spellcasting   | |  1.2
Fire Magic     | |  1.9
Evocations     | |  3.2

Action                   |  1- 3 |  4- 6 || total
-------------------------+-------+-------++-------
Melee: Hand axe          |    82 |    38 ||   120
       Tailslap          |     3 |     1 ||     4
 Cast: Foxfire           |    15 |    31 ||    46
  Use: Potion            |     2 |     3 ||     5
Armor: Skin              |    74 |    14 ||    88
Dodge: Dodged            |    78 |    28 ||   106
